Pick #1

Connor Bedard
Pick #2

Leo Carlsson
Pick #3

Adam Fantilli
Pick #4

Matvei Michkov
Pick #5

David Reinbacher
Pick #6

William Smith
Pick #7

Zachary Benson
Pick #8

Ryan Leonard
Pick #9

Gabriel Perreault
Pick #10

Axel Sandin-Pellika
Pick #11

Daniil But
Pick #12

Dalibor Dvorsky
Pick #13

Quentin Musty
Pick #14

Brayden Yager
Pick #15

Dmitry Simashev
Pick #16

Colby Barlow
Pick #17

Andrew Cristall
Pick #18

Easton Cowan
Pick #19

Jacob Fowler
Pick #20

Oliver Moore
Pick #21

Oliver Bonk
Pick #22

Tom Willander
Pick #23

Calum Ritchie
Pick #24

Tanner Molendyk
Pick #25

Gavin Brindley
Pick #26

Nate Danielson
Pick #27

Pick #28

Pick #29

Pick #30

Pick #31

Pick #32

Pick #33

Pick #34

Pick #35

Pick #36

Pick #37

Pick #38

Pick #39

Pick #40

Pick #41

Pick #42

Pick #43

Pick #44

Pick #45

Pick #46

Pick #47

Pick #48

Pick #49

Pick #50

Pick #51

Pick #52

Pick #53

Pick #54

Pick #55

Pick #56

Pick #57

Pick #58

Pick #59

Pick #60

Pick #61

Pick #62

Pick #63

Pick #64

Pick #65

Pick #66

Pick #67

Pick #68

Pick #69

Pick #70

Pick #71

Pick #72

Pick #73

Pick #74

Pick #75

Pick #76

Pick #77

Pick #78

Pick #79

Pick #80

Pick #81

Pick #82

Pick #83

Pick #84

Pick #85

Pick #86

Pick #87

Pick #88

Pick #89

Pick #90

Pick #91

Pick #92

Pick #93

Pick #94

Pick #95

Pick #96

Pick #97

Pick #98

Pick #99

Pick #100

Pick #101

Pick #102

Pick #103

Pick #104

Pick #105

Pick #106

Pick #107

Pick #108

Pick #109

Pick #110

Pick #111

Pick #112

Pick #113

Pick #114

Pick #115

Pick #116

Pick #117

Pick #118

Pick #119

Pick #120

Pick #121

Pick #122

Pick #123

Pick #124

Pick #125

Pick #126

Pick #127

Pick #128

Pick #129

Pick #130

Full Scoreboard »»

Bruins vs Senators

Created - January 29, 2024 at 21:59

Goals
1 2 3 T
Bruins 1 1 0 2
Senators 0 2 1 3
Shots
1 2 3 T
Bruins 4 8 17 29
Senators 6 7 8 21

GoalsPenalties
1st period
1. Bruins , Bryan Rust 20 (Anze Kopitar 28) at 11:58
Bryan Rust (BOS) for Tripping (Minor) at 2:45
Nick Paul (BOS) for Hooking (Minor) at 19:51
2nd period
2. Senators , Anthony Cirelli 13 (Andrew Copp 19, Adam Lowry 6) at 11:46
3. Senators , Noah Hanifin 4 (Joel Eriksson Ek 19, Nikita Kucherov 18) at 14:35
4. Bruins , Alex Iafallo 12 (Trevor Zegras 24, T.J. Brodie 27) at 19:10
No Penalty
3rd period
5. Senators , Brock McGinn 7 (Matty Beniers 13) at 6:14
Rasmus Andersson (OTT) for Hooking (Minor) at 6:44
K'Andre Miller (OTT) for Slashing (Minor) at 17:12
Goalie Stats
Jake Allen (BOS), 18 saves from 21 shots - (0.857), L, 7-7-0, 59:11 minutes
Igor Shesterkin (OTT), 27 saves from 29 shots - (0.931), W, 19-13-4, 60:00 minutes
3 StarsOfficial
1 - Joel Eriksson Ek (OTT)
2 - Anthony Cirelli (OTT)
3 - Adam Lowry (OTT)
Referees : Dave Lewis and Corey Syvret
Linesman : Kyle Flemington and Derek Wahl
Game Note
No Game Note
Finance
Level 1 -- Attendance: 5851 (90.02%) -- Ticket Income $702,120
Level 2 -- Attendance: 4414 (88.28%) -- Ticket Income $397,260
Level 3 -- Attendance: 2714 (77.54%) -- Ticket Income $203,550
Level 4 -- Attendance: 2133 (67.65%) -- Ticket Income $106,650
Luxury Box -- Attendance: 793 (79.30%) -- Ticket Income $190,320
Game was played at the Canadian Tire Centre.
Total Attendance: 15905 (83.04%)
Total Ticket Income: $1,599,900
Other Income: $399,975
Total Income: $1,999,875



Team Name Goals Shots Shots Attemp Shots Blocked PIM HIT PP PK FO%
Bruins 22957104260 / 2 (0%)044%
Senators 3215034190 / 2 (0%)056%

Bruins
Player Name POS G A P +/- PIM HIT SHT SB MP PP MP PP SHT PK MP PK SHT FO% FOT
Alex IafalloLW1010032019:450:0002:4200% 1
Anze KopitarC011-1013022:252:4301:16062% 21
Brady SkjeiD0000040322:531:5001:2400% 0
Brett PesceD0000013221:292:0822:3400% 0
Bryan RustRW101-1223021:522:4300:440100% 1
Cam FowlerD0000011319:390:0000:0000% 0
Charlie CoyleC0000002014:470:0002:42038% 16
Dmitry KulikovD000-100014:230:0000:0000% 0
Jamie OleksiakD0000030011:150:0000:0000% 0
Kailer YamamotoRW0000032012:451:1510:00050% 2
Mark GiordanoD0000000121:111:5002:3400% 0
Nick PaulLW0000222017:540:0000:3200% 1
Nicolas RoyC000001006:201:1500:00040% 10
T.J. BrodieD011-1011019:102:0801:2400% 0
Trevor ZegrasC0110003018:582:4310:00028% 18
Tyler BertuzziLW000002105:050:0000:0000% 1
Yegor SharangovichC000-1016019:541:1520:00060% 5
Zach PariseLW0000010016:150:0000:00067% 3
Senators
Player Name POS G A P +/- PIM HIT SHT SB MP PP MP PP SHT PK MP PK SHT FO% FOT
Adam LowryC0111041013:370:0000:0000% 0
Andrew CoppC0111001014:490:0001:12047% 15
Anthony CirelliC1011002013:370:0000:00050% 2
Brock McGinnLW1010002018:451:4800:000100% 1
Christian DvorakC0001000013:470:0000:0000% 0
Erik JohnsonD0000020020:521:4002:0700% 0
Jake WalmanD0001020014:410:0000:5400% 0
Joel Eriksson EkC0110062025:382:1002:46052% 23
K'Andre MillerD0000211020:131:4001:2900% 0
Luke GlendeningC000000000:000:0000:0000% 0
Matty BeniersC0110002020:541:4800:00050% 6
Nikita KucherovRW0110003025:382:1002:46060% 5
Noah HanifinD1010012025:512:1802:2100% 0
Pius SuterC000001000:480:0000:0000% 0
Rasmus AnderssonD0000211024:342:1811:0500% 0
Sam GagnerC000000000:480:0000:0000% 1
Scott LaughtonC0000013319:571:4801:12068% 22
Tomas TatarLW0000001021:312:1000:00050% 4



Play-by-Play

1st period


0:01 of 1st period - Joel Eriksson Ek wins face-off versus Anze Kopitar in neutral zone.
0:06 of 1st period - Icing by Bryan Rust.
0:07 of 1st period - Scott Laughton wins face-off versus Anze Kopitar in Bruins zone.
0:12 of 1st period - Shot by Matty Beniers.
0:12 of 1st period - Shot Misses the Net.
0:38 of 1st period - Shot by Anze Kopitar.
0:38 of 1st period - Stopped by Igor Shesterkin without a rebound.
0:39 of 1st period - Joel Eriksson Ek wins face-off versus Trevor Zegras in Senators zone.
2:18 of 1st period - Shot by Anthony Cirelli.
2:18 of 1st period - Stopped by Jake Allen without a rebound.
2:19 of 1st period - Yegor Sharangovich wins face-off versus Scott Laughton in Bruins zone.
2:45 of 1st period - Minor Penalty to Bryan Rust for Tripping.
2:46 of 1st period - Joel Eriksson Ek wins face-off versus Charlie Coyle in Bruins zone.
3:56 of 1st period - Shot by Scott Laughton.
3:56 of 1st period - Shot Blocked by Mark Giordano.
4:55 of 1st period - Anthony Cirelli is hit by Bryan Rust and loses puck.
5:04 of 1st period - Shot by Yegor Sharangovich.
5:04 of 1st period - Stopped by Igor Shesterkin without a rebound.
5:05 of 1st period - Nicolas Roy wins face-off versus Andrew Copp in Senators zone.
5:22 of 1st period - Shot by Tyler Bertuzzi.
5:22 of 1st period - Stopped by Igor Shesterkin without a rebound.
5:23 of 1st period - Scott Laughton wins face-off versus Yegor Sharangovich in Senators zone.
5:25 of 1st period - K'Andre Miller is hit by Anze Kopitar and loses puck.
5:52 of 1st period - Shot by Anze Kopitar.
5:52 of 1st period - Shot Misses the Net.
6:23 of 1st period - Icing by Brady Skjei.
6:24 of 1st period - Anze Kopitar wins face-off versus Joel Eriksson Ek in Bruins zone.
6:39 of 1st period - Icing by Yegor Sharangovich.
6:40 of 1st period - Anze Kopitar wins face-off versus Andrew Copp in Bruins zone.
6:47 of 1st period - Icing by Cam Fowler.
6:48 of 1st period - Anze Kopitar wins face-off versus Joel Eriksson Ek in Bruins zone.
6:48 of 1st period - Bryan Rust is hit by Joel Eriksson Ek and loses puck.
7:23 of 1st period - Shot by Alex Iafallo.
7:23 of 1st period - Shot Misses the Net.
7:25 of 1st period - Shot by Alex Iafallo.
7:25 of 1st period - Shot Misses the Net.
7:31 of 1st period - Shot by Trevor Zegras.
7:31 of 1st period - Shot Misses the Net.
7:45 of 1st period - Trevor Zegras is hit by Joel Eriksson Ek and loses puck.
8:01 of 1st period - Icing by Joel Eriksson Ek.
8:02 of 1st period - Joel Eriksson Ek wins face-off versus Charlie Coyle in Senators zone.
8:02 of 1st period - Joel Eriksson Ek is hit by Nick Paul.
9:00 of 1st period - K'Andre Miller is hit by Brady Skjei.
9:30 of 1st period - Icing by Scott Laughton.
9:31 of 1st period - Scott Laughton wins face-off versus Trevor Zegras in Senators zone.
10:24 of 1st period - Shot by Adam Lowry.
10:24 of 1st period - Stopped by Jake Allen without a rebound.
10:25 of 1st period - Scott Laughton wins face-off versus Nicolas Roy in Bruins zone.
10:28 of 1st period - Shot by Matty Beniers.
10:28 of 1st period - Stopped by Jake Allen without a rebound.
10:29 of 1st period - Matty Beniers wins face-off versus Nicolas Roy in Bruins zone.
11:37 of 1st period - Anthony Cirelli is hit by Brady Skjei and loses puck.
11:41 of 1st period - Andrew Copp is hit by Brady Skjei and loses puck.
11:58 of 1st period - Shot by Bryan Rust.
11:58 of 1st period - Goal by Bryan Rust - Bruins : 1 - Senators : 0.
11:59 of 1st period - Zach Parise wins face-off versus Scott Laughton in neutral zone.
12:19 of 1st period - Off-side.
12:20 of 1st period - Anze Kopitar wins face-off versus Joel Eriksson Ek in neutral zone.
12:26 of 1st period - Icing by Noah Hanifin.
12:27 of 1st period - Joel Eriksson Ek wins face-off versus Trevor Zegras in Senators zone.
12:27 of 1st period - Joel Eriksson Ek is hit by Zach Parise.
12:35 of 1st period - T.J. Brodie is hit by Joel Eriksson Ek and loses puck.
14:31 of 1st period - Anthony Cirelli is hit by Cam Fowler and loses puck.
14:45 of 1st period - Icing by Brady Skjei.
14:46 of 1st period - Anze Kopitar wins face-off versus Joel Eriksson Ek in Bruins zone.
14:59 of 1st period - Shot by Nikita Kucherov.
14:59 of 1st period - Shot Misses the Net.
15:01 of 1st period - Shot by Rasmus Andersson.
15:01 of 1st period - Shot Misses the Net.
15:26 of 1st period - Trevor Zegras is hit by Noah Hanifin and loses puck.
17:11 of 1st period - Shot by Brock McGinn.
17:11 of 1st period - Deflect By Matty Beniers.
17:11 of 1st period - Shot Misses the Net.
17:19 of 1st period - Shot by Matty Beniers.
17:19 of 1st period - Shot Misses the Net.
17:22 of 1st period - Icing by Nick Paul.
17:23 of 1st period - Charlie Coyle wins face-off versus Andrew Copp in Bruins zone.
17:23 of 1st period - Charlie Coyle is hit by Adam Lowry.
17:34 of 1st period - Off-side.
17:35 of 1st period - Scott Laughton wins face-off versus Anze Kopitar in neutral zone.
18:04 of 1st period - Shot by Matty Beniers.
18:04 of 1st period - Stopped by Jake Allen with a rebound.
18:06 of 1st period - Shot by Brock McGinn.
18:06 of 1st period - Deflect By Scott Laughton.
18:06 of 1st period - Stopped by Jake Allen without a rebound.
18:07 of 1st period - Andrew Copp wins face-off versus Trevor Zegras in Bruins zone.
18:07 of 1st period - Anthony Cirelli is hit by T.J. Brodie and loses puck.
19:36 of 1st period - Shot by Scott Laughton.
19:36 of 1st period - Shot Blocked by Cam Fowler.
19:38 of 1st period - Shot by Christian Dvorak.
19:38 of 1st period - Shot Blocked by Cam Fowler.
19:40 of 1st period - Shot by Scott Laughton.
19:40 of 1st period - Stopped by Jake Allen without a rebound.
19:41 of 1st period - Nicolas Roy wins face-off versus Matty Beniers in Bruins zone.
19:41 of 1st period - Nicolas Roy is hit by Joel Eriksson Ek.
19:47 of 1st period - Nikita Kucherov is hit by Tyler Bertuzzi and loses puck.
19:51 of 1st period - Minor Penalty to Nick Paul for Hooking.
19:52 of 1st period - Scott Laughton wins face-off versus Charlie Coyle in Bruins zone.
Goals for this period are 1 for Bruins vs 0 for Senators.
Shots for this period are 4 for Bruins vs 6 for Senators.

2nd period


0:01 of 2nd period - Tomas Tatar wins face-off versus Charlie Coyle in neutral zone.
0:24 of 2nd period - Shot by Rasmus Andersson.
0:24 of 2nd period - Stopped by Jake Allen without a rebound.
0:25 of 2nd period - Charlie Coyle wins face-off versus Scott Laughton in Bruins zone.
0:44 of 2nd period - Shot by Erik Johnson.
0:44 of 2nd period - Deflect By Matty Beniers.
0:44 of 2nd period - Shot Blocked by Brett Pesce.
1:26 of 2nd period - Brett Pesce is hit by Joel Eriksson Ek.
1:30 of 2nd period - Nikita Kucherov is hit by Alex Iafallo and loses puck.
1:49 of 2nd period - Shot by Tomas Tatar.
1:49 of 2nd period - Shot Misses the Net.
1:51 of 2nd period - Shot by Joel Eriksson Ek.
1:51 of 2nd period - Shot Misses the Net.
2:51 of 2nd period - Shot by Anze Kopitar.
2:51 of 2nd period - Shot Misses the Net.
2:53 of 2nd period - Shot by Anze Kopitar.
2:53 of 2nd period - Stopped by Igor Shesterkin without a rebound.
2:54 of 2nd period - Trevor Zegras wins face-off versus Joel Eriksson Ek in Senators zone.
3:02 of 2nd period - Zach Parise is hit by Rasmus Andersson and loses puck.
3:15 of 2nd period - Shot by Trevor Zegras.
3:15 of 2nd period - Stopped by Igor Shesterkin without a rebound.
3:16 of 2nd period - Anze Kopitar wins face-off versus Scott Laughton in Senators zone.
3:16 of 2nd period - Yegor Sharangovich is hit by K'Andre Miller and loses puck.
3:31 of 2nd period - Shot by Anze Kopitar.
3:31 of 2nd period - Shot Misses the Net.
3:33 of 2nd period - Shot by Yegor Sharangovich.
3:33 of 2nd period - Shot Misses the Net.
3:50 of 2nd period - Shot by Bryan Rust.
3:50 of 2nd period - Deflect By Anze Kopitar.
3:50 of 2nd period - Stopped by Igor Shesterkin without a rebound.
3:51 of 2nd period - Trevor Zegras wins face-off versus Joel Eriksson Ek in Senators zone.
4:44 of 2nd period - Icing by Zach Parise.
4:45 of 2nd period - Scott Laughton wins face-off versus Trevor Zegras in Bruins zone.
4:57 of 2nd period - Icing by Brett Pesce.
4:58 of 2nd period - Andrew Copp wins face-off versus Trevor Zegras in Bruins zone.
5:01 of 2nd period - Shot by Anthony Cirelli.
5:01 of 2nd period - Shot Misses the Net.
5:16 of 2nd period - Shot by Andrew Copp.
5:16 of 2nd period - Deflect By Anthony Cirelli.
5:16 of 2nd period - Shot Misses the Net.
5:25 of 2nd period - Icing by Brett Pesce.
5:26 of 2nd period - Matty Beniers wins face-off versus Trevor Zegras in Bruins zone.
6:58 of 2nd period - Icing by Kailer Yamamoto.
6:59 of 2nd period - Charlie Coyle wins face-off versus Matty Beniers in Bruins zone.
7:01 of 2nd period - Icing by Kailer Yamamoto.
7:02 of 2nd period - Charlie Coyle wins face-off versus Joel Eriksson Ek in Bruins zone.
7:17 of 2nd period - Shot by Tomas Tatar.
7:17 of 2nd period - Deflect By Joel Eriksson Ek.
7:17 of 2nd period - Stopped by Jake Allen without a rebound.
7:18 of 2nd period - Scott Laughton wins face-off versus Nick Paul in Bruins zone.
7:49 of 2nd period - Scott Laughton is hit by Tyler Bertuzzi and loses puck.
7:55 of 2nd period - Icing by Rasmus Andersson.
7:56 of 2nd period - Anze Kopitar wins face-off versus Matty Beniers in Senators zone.
8:05 of 2nd period - Shot by Cam Fowler.
8:05 of 2nd period - Stopped by Igor Shesterkin without a rebound.
8:06 of 2nd period - Joel Eriksson Ek wins face-off versus Trevor Zegras in Senators zone.
8:17 of 2nd period - Shot by Tomas Tatar.
8:17 of 2nd period - Deflect By Joel Eriksson Ek.
8:17 of 2nd period - Shot Misses the Net.
8:19 of 2nd period - Shot by Joel Eriksson Ek.
8:19 of 2nd period - Shot Blocked by Brady Skjei.
9:43 of 2nd period - Off-side.
9:44 of 2nd period - Yegor Sharangovich wins face-off versus Scott Laughton in neutral zone.
9:55 of 2nd period - Shot by Bryan Rust.
9:55 of 2nd period - Shot Misses the Net.
10:11 of 2nd period - Off-side.
10:12 of 2nd period - Tomas Tatar wins face-off versus Kailer Yamamoto in neutral zone.
10:12 of 2nd period - Nikita Kucherov is hit by Kailer Yamamoto and loses puck.
10:17 of 2nd period - K'Andre Miller is hit by Kailer Yamamoto.
10:51 of 2nd period - Icing by K'Andre Miller.
10:52 of 2nd period - Joel Eriksson Ek wins face-off versus Yegor Sharangovich in Senators zone.
10:52 of 2nd period - Joel Eriksson Ek is hit by Bryan Rust.
11:09 of 2nd period - Joel Eriksson Ek is hit by Jamie Oleksiak and loses puck.
11:28 of 2nd period - Icing by Anze Kopitar.
11:29 of 2nd period - Anze Kopitar wins face-off versus Andrew Copp in Bruins zone.
11:46 of 2nd period - Shot by Anthony Cirelli.
11:46 of 2nd period - Goal by Anthony Cirelli - Bruins : 1 - Senators : 1.
11:47 of 2nd period - Scott Laughton wins face-off versus Charlie Coyle in neutral zone.
12:00 of 2nd period - Icing by Brady Skjei.
12:01 of 2nd period - Charlie Coyle wins face-off versus Joel Eriksson Ek in Bruins zone.
12:10 of 2nd period - Nikita Kucherov is hit by Kailer Yamamoto and loses puck.
12:21 of 2nd period - Shot by Joel Eriksson Ek.
12:21 of 2nd period - Shot Misses the Net.
12:31 of 2nd period - Shot by Nikita Kucherov.
12:31 of 2nd period - Stopped by Jake Allen with a rebound.
12:43 of 2nd period - Shot by Joel Eriksson Ek.
12:43 of 2nd period - Shot Blocked by Brady Skjei.
13:21 of 2nd period - Shot by Matty Beniers.
13:21 of 2nd period - Shot Misses the Net.
13:23 of 2nd period - Shot by Rasmus Andersson.
13:23 of 2nd period - Shot Misses the Net.
13:25 of 2nd period - Shot by Matty Beniers.
13:25 of 2nd period - Shot Misses the Net.
13:27 of 2nd period - Shot by Scott Laughton.
13:27 of 2nd period - Stopped by Jake Allen without a rebound.
13:28 of 2nd period - Anze Kopitar wins face-off versus Anthony Cirelli in Bruins zone.
13:48 of 2nd period - Mark Giordano is hit by Adam Lowry and loses puck.
14:05 of 2nd period - Shot by K'Andre Miller.
14:05 of 2nd period - Stopped by Jake Allen without a rebound.
14:06 of 2nd period - Joel Eriksson Ek wins face-off versus Trevor Zegras in Bruins zone.
14:33 of 2nd period - Shot by Joel Eriksson Ek.
14:33 of 2nd period - Shot Blocked by Dmitry Kulikov.
14:35 of 2nd period - Shot by Noah Hanifin.
14:35 of 2nd period - Goal by Noah Hanifin - Bruins : 1 - Senators : 2.
14:36 of 2nd period - Scott Laughton wins face-off versus Anze Kopitar in neutral zone.
14:53 of 2nd period - Shot by Bryan Rust.
14:53 of 2nd period - Deflect By Anze Kopitar.
14:53 of 2nd period - Shot Misses the Net.
14:55 of 2nd period - Shot by Mark Giordano.
14:55 of 2nd period - Shot Blocked by Scott Laughton.
15:06 of 2nd period - Icing by Jake Walman.
15:07 of 2nd period - Scott Laughton wins face-off versus Trevor Zegras in Senators zone.
15:07 of 2nd period - Scott Laughton is hit by Alex Iafallo.
16:21 of 2nd period - Shot by Nick Paul.
16:21 of 2nd period - Stopped by Igor Shesterkin without a rebound.
16:22 of 2nd period - Anze Kopitar wins face-off versus Tomas Tatar in Senators zone.
16:23 of 2nd period - Shot by Bryan Rust.
16:23 of 2nd period - Deflect By Yegor Sharangovich.
16:23 of 2nd period - Stopped by Igor Shesterkin without a rebound.
16:24 of 2nd period - Anze Kopitar wins face-off versus Joel Eriksson Ek in Senators zone.
16:54 of 2nd period - Shot by Bryan Rust.
16:54 of 2nd period - Stopped by Igor Shesterkin without a rebound.
16:55 of 2nd period - Nicolas Roy wins face-off versus Andrew Copp in Senators zone.
17:44 of 2nd period - Brady Skjei is hit by Adam Lowry and loses puck.
19:10 of 2nd period - Shot by Trevor Zegras.
19:10 of 2nd period - Deflect By Alex Iafallo.
19:10 of 2nd period - Goal by Alex Iafallo - Bruins : 2 - Senators : 2.
19:11 of 2nd period - Scott Laughton wins face-off versus Charlie Coyle in neutral zone.
Goals for this period are 1 for Bruins vs 2 for Senators.
Shots for this period are 8 for Bruins vs 7 for Senators.

3rd period


0:01 of 3rd period - Joel Eriksson Ek wins face-off versus Anze Kopitar in neutral zone.
0:01 of 3rd period - Joel Eriksson Ek is hit by Yegor Sharangovich.
1:49 of 3rd period - Shot by Alex Iafallo.
1:49 of 3rd period - Shot Misses the Net.
2:30 of 3rd period - Shot by Kailer Yamamoto.
2:30 of 3rd period - Stopped by Igor Shesterkin with a rebound.
2:34 of 3rd period - Shot by Nick Paul.
2:34 of 3rd period - Stopped by Igor Shesterkin without a rebound.
2:35 of 3rd period - Joel Eriksson Ek wins face-off versus Nicolas Roy in Senators zone.
2:39 of 3rd period - Icing by Joel Eriksson Ek.
2:40 of 3rd period - Joel Eriksson Ek wins face-off versus Nicolas Roy in Senators zone.
3:17 of 3rd period - Shot by Tyler Bertuzzi.
3:17 of 3rd period - Deflect By Nicolas Roy.
3:17 of 3rd period - Shot Misses the Net.
3:19 of 3rd period - Shot by T.J. Brodie.
3:19 of 3rd period - Shot Misses the Net.
3:41 of 3rd period - Cam Fowler is hit by Joel Eriksson Ek and loses puck.
3:58 of 3rd period - Shot by Anze Kopitar.
3:58 of 3rd period - Shot Misses the Net.
4:24 of 3rd period - Shot by Trevor Zegras.
4:24 of 3rd period - Stopped by Igor Shesterkin without a rebound.
4:25 of 3rd period - Andrew Copp wins face-off versus Zach Parise in Senators zone.
4:27 of 3rd period - Icing by K'Andre Miller.
4:28 of 3rd period - Andrew Copp wins face-off versus Alex Iafallo in Senators zone.
4:28 of 3rd period - Andrew Copp is hit by Alex Iafallo.
4:37 of 3rd period - Anthony Cirelli is hit by Brett Pesce and loses puck.
4:42 of 3rd period - Shot by Andrew Copp.
4:42 of 3rd period - Stopped by Jake Allen without a rebound.
4:43 of 3rd period - Brock McGinn wins face-off versus Charlie Coyle in Bruins zone.
5:05 of 3rd period - Kailer Yamamoto is hit by Jake Walman and loses puck.
5:08 of 3rd period - Shot by Kailer Yamamoto.
5:08 of 3rd period - Shot Misses the Net.
5:10 of 3rd period - Shot by Charlie Coyle.
5:10 of 3rd period - Stopped by Igor Shesterkin without a rebound.
5:11 of 3rd period - Anze Kopitar wins face-off versus Andrew Copp in Senators zone.
5:55 of 3rd period - Anthony Cirelli is hit by Brady Skjei and loses puck.
6:12 of 3rd period - Shot by Brock McGinn.
6:12 of 3rd period - Shot Misses the Net.
6:14 of 3rd period - Shot by Brock McGinn.
6:14 of 3rd period - Goal by Brock McGinn - Bruins : 2 - Senators : 3.
6:15 of 3rd period - Matty Beniers wins face-off versus Trevor Zegras in neutral zone.
6:44 of 3rd period - Minor Penalty to Rasmus Andersson for Hooking.
6:45 of 3rd period - Nikita Kucherov wins face-off versus Nicolas Roy in Senators zone.
6:56 of 3rd period - Shot by Kailer Yamamoto.
6:56 of 3rd period - Shot Misses the Net.
6:58 of 3rd period - Shot by Yegor Sharangovich.
6:58 of 3rd period - Shot Misses the Net.
7:00 of 3rd period - Shot by Kailer Yamamoto.
7:00 of 3rd period - Stopped by Igor Shesterkin without a rebound.
7:01 of 3rd period - Anze Kopitar wins face-off versus Nikita Kucherov in Senators zone.
7:20 of 3rd period - Shot by Trevor Zegras.
7:20 of 3rd period - Stopped by Igor Shesterkin without a rebound.
7:21 of 3rd period - Nicolas Roy wins face-off versus Nikita Kucherov in Senators zone.
7:26 of 3rd period - Shot by Kailer Yamamoto.
7:26 of 3rd period - Shot Misses the Net.
7:32 of 3rd period - Shot by Yegor Sharangovich.
7:32 of 3rd period - Stopped by Igor Shesterkin with a rebound.
7:34 of 3rd period - Shot by Brett Pesce.
7:34 of 3rd period - Stopped by Igor Shesterkin with a rebound.
7:36 of 3rd period - Shot by T.J. Brodie.
7:36 of 3rd period - Shot Misses the Net.
7:44 of 3rd period - Shot by Yegor Sharangovich.
7:44 of 3rd period - Shot Misses the Net.
7:46 of 3rd period - Shot by Brett Pesce.
7:46 of 3rd period - Stopped by Igor Shesterkin without a rebound.
7:47 of 3rd period - Scott Laughton wins face-off versus Anze Kopitar in Senators zone.
8:48 of 3rd period - Icing by Christian Dvorak.
8:49 of 3rd period - Scott Laughton wins face-off versus Charlie Coyle in Senators zone.
9:20 of 3rd period - Shot by Charlie Coyle.
9:20 of 3rd period - Shot Misses the Net.
9:22 of 3rd period - Shot by T.J. Brodie.
9:22 of 3rd period - Stopped by Igor Shesterkin without a rebound.
9:23 of 3rd period - Anthony Cirelli wins face-off versus Trevor Zegras in Senators zone.
10:19 of 3rd period - Shot by Yegor Sharangovich.
10:19 of 3rd period - Shot Misses the Net.
10:21 of 3rd period - Shot by Anze Kopitar.
10:21 of 3rd period - Deflect By Bryan Rust.
10:21 of 3rd period - Stopped by Igor Shesterkin without a rebound.
10:22 of 3rd period - Joel Eriksson Ek wins face-off versus Charlie Coyle in Senators zone.
10:32 of 3rd period - Joel Eriksson Ek is hit by Jamie Oleksiak and loses puck.
10:42 of 3rd period - Nikita Kucherov is hit by Jamie Oleksiak and loses puck.
11:55 of 3rd period - Bryan Rust is hit by Jake Walman and loses puck.
12:04 of 3rd period - Shot by Yegor Sharangovich.
12:04 of 3rd period - Stopped by Igor Shesterkin without a rebound.
12:05 of 3rd period - Andrew Copp wins face-off versus Trevor Zegras in Senators zone.
12:09 of 3rd period - Off-side.
12:10 of 3rd period - Zach Parise wins face-off versus Andrew Copp in neutral zone.
13:23 of 3rd period - Shot by Nikita Kucherov.
13:23 of 3rd period - Shot Blocked by Brett Pesce.
13:29 of 3rd period - Shot by Tomas Tatar.
13:29 of 3rd period - Shot Misses the Net.
13:37 of 3rd period - Shot by Joel Eriksson Ek.
13:37 of 3rd period - Stopped by Jake Allen with a rebound.
13:39 of 3rd period - Shot by Tomas Tatar.
13:39 of 3rd period - Stopped by Jake Allen with a rebound.
13:41 of 3rd period - Shot by K'Andre Miller.
13:41 of 3rd period - Shot Misses the Net.
13:43 of 3rd period - Shot by Joel Eriksson Ek.
13:43 of 3rd period - Shot Misses the Net.
13:45 of 3rd period - Shot by Nikita Kucherov.
13:45 of 3rd period - Stopped by Jake Allen without a rebound.
13:46 of 3rd period - Charlie Coyle wins face-off versus Scott Laughton in Bruins zone.
13:46 of 3rd period - Charlie Coyle is hit by Scott Laughton.
13:52 of 3rd period - Shot by Nick Paul.
13:52 of 3rd period - Shot Blocked by Scott Laughton.
13:54 of 3rd period - Shot by T.J. Brodie.
13:54 of 3rd period - Deflect By Charlie Coyle.
13:54 of 3rd period - Shot Blocked by Scott Laughton.
13:56 of 3rd period - Shot by Charlie Coyle.
13:56 of 3rd period - Stopped by Igor Shesterkin without a rebound.
13:57 of 3rd period - Scott Laughton wins face-off versus Tyler Bertuzzi in Senators zone.
13:57 of 3rd period - Scott Laughton is hit by Nicolas Roy.
14:07 of 3rd period - Shot by Matty Beniers.
14:07 of 3rd period - Shot Misses the Net.
14:11 of 3rd period - Shot by Scott Laughton.
14:11 of 3rd period - Shot Blocked by Brady Skjei.
14:13 of 3rd period - Shot by Brock McGinn.
14:13 of 3rd period - Stopped by Jake Allen without a rebound.
14:14 of 3rd period - Trevor Zegras wins face-off versus Joel Eriksson Ek in Bruins zone.
14:21 of 3rd period - Icing by Noah Hanifin.
14:22 of 3rd period - Bryan Rust wins face-off versus Joel Eriksson Ek in Senators zone.
14:36 of 3rd period - Shot by Yegor Sharangovich.
14:36 of 3rd period - Stopped by Igor Shesterkin without a rebound.
14:37 of 3rd period - Trevor Zegras wins face-off versus Scott Laughton in Senators zone.
14:48 of 3rd period - Shot by Trevor Zegras.
14:48 of 3rd period - Shot Misses the Net.
15:58 of 3rd period - Shot by Anze Kopitar.
15:58 of 3rd period - Shot Misses the Net.
16:00 of 3rd period - Shot by Brett Pesce.
16:00 of 3rd period - Stopped by Igor Shesterkin without a rebound.
16:01 of 3rd period - Andrew Copp wins face-off versus Charlie Coyle in Senators zone.
16:01 of 3rd period - Andrew Copp is hit by Nick Paul.
16:08 of 3rd period - Off-side.
16:09 of 3rd period - Kailer Yamamoto wins face-off versus Tomas Tatar in neutral zone.
16:40 of 3rd period - Shot by Noah Hanifin.
16:40 of 3rd period - Stopped by Jake Allen with a rebound.
16:42 of 3rd period - Shot by Joel Eriksson Ek.
16:42 of 3rd period - Deflect By Nikita Kucherov.
16:42 of 3rd period - Stopped by Jake Allen without a rebound.
16:43 of 3rd period - Trevor Zegras wins face-off versus Andrew Copp in Bruins zone.
16:43 of 3rd period - Trevor Zegras is hit by Adam Lowry.
16:51 of 3rd period - Icing by Adam Lowry.
16:52 of 3rd period - Andrew Copp wins face-off versus Anze Kopitar in Senators zone.
17:12 of 3rd period - Minor Penalty to K'Andre Miller for Slashing.
17:13 of 3rd period - Nikita Kucherov wins face-off versus Nicolas Roy in Senators zone.
17:25 of 3rd period - Shot by Yegor Sharangovich.
17:25 of 3rd period - Stopped by Igor Shesterkin without a rebound.
17:26 of 3rd period - Nikita Kucherov wins face-off versus Anze Kopitar in Senators zone.
18:19 of 3rd period - T.J. Brodie is hit by Erik Johnson and loses puck.
19:08 of 3rd period - Kailer Yamamoto is hit by Erik Johnson and loses puck.
19:11 of 3rd period - Bruins, Jake Allen is pulled from the net.
19:23 of 3rd period - Shot by Pius Suter.
19:23 of 3rd period - Shot Blocked by Cam Fowler.
19:30 of 3rd period - Alex Iafallo is hit by Pius Suter and loses puck.
19:35 of 3rd period - Shot by Cam Fowler.
19:35 of 3rd period - Shot Misses the Net.
19:37 of 3rd period - Shot by Charlie Coyle.
19:37 of 3rd period - Shot Misses the Net.
19:46 of 3rd period - Icing by Rasmus Andersson.
19:47 of 3rd period - Yegor Sharangovich wins face-off versus Sam Gagner in Senators zone.
19:54 of 3rd period - Shot by Alex Iafallo.
19:54 of 3rd period - Stopped by Igor Shesterkin with a rebound.
Goals for this period are 0 for Bruins vs 1 for Senators.
Shots for this period are 17 for Bruins vs 8 for Senators.